 Dungeon Crawl Stone Soup version 0.29.1-12-g30fa7ad0bf (webtiles) character file.

Game seed: 8493544235711588217

93682 momodddd the Markself (level 15, -2/90 HPs)
             Began as a Deep Elf Hunter on Jan 7, 2023.
             Was a High Priest of Okawaru.
             Killed by the raging water
             ... invoked by a water nymph
              (24 damage)
             ... on level 2 of the Shoals.
             The game lasted 02:15:10 (26955 turns).

momodddd the Markself (Deep Elf Hunter)            Turns: 26955, Time: 02:15:11

Health: -2/90      AC: 29    Str: 10    XL:     15   Next: 61%
Magic:  24/29      EV: 15    Int: 25    God:    Okawaru [*****.]
Gold:   975        SH:  0    Dex: 26    Spells: 26/30 levels left

rFire   . . .      SeeInvis .   L - +7 falchion "Suclor" {drain, rC+ Int+7}
rCold   + . .      Faith    .   (no shield)
rNeg    . . .      Spirit   .   w - +4 scale mail {rPois}
rPois   +          Reflect  .   x - +2 helmet
rElec   .          Harm     .   H - +2 cloak
rCorr   .          Rampage  .   k - +2 pair of gloves
Will    +....                   u - +2 pair of boots
Stlth   +.........              r - amulet of regeneration
HPRegen 1.05/turn               J - +4 ring of protection
MPRegen 0.21/turn               M - +6 ring of dexterity

@: portalling projectiles, very slow
A: no striking features
a: Renounce Religion, Heroism, Finesse, Duel


You were on level 2 of the Shoals.
You worshipped Okawaru.
Okawaru was extremely pleased with you.
You visited 4 branches of the dungeon, and saw 22 of its levels.
You also visited: Bailey and Ice Cave.

You collected 1919 gold pieces.
You spent 944 gold pieces at shops.

Inventory:

Hand Weapons
 y - a +7 longbow of freezing
 L - the +7 falchion "Suclor" (weapon) {drain, rC+ Int+7}
   (You found it on level 1 of the Lair of Beasts)

   A truly terrible weapon, it drains the life of any living foe it strikes.
   Int:       It affects your intelligence (+7).
   rC:        It protects you from cold.
 O - a +5 triple crossbow of flaming
Missiles
 l - 3 curare-tipped darts
 n - 58 poisoned darts
 T - 3 silver javelins
 W - 5 javelins
Armour
 k - a +2 pair of gloves (worn)
 u - a +2 pair of boots (worn)
 w - a +4 scale mail of poison resistance (worn)
 x - a +2 helmet (worn)
 H - a +2 cloak (worn)
Jewellery
 c - a ring of see invisible
 o - a ring of protection from cold
 p - the ring "Ufocugeo" {rElec rPois rF+ rC+}
   (You bought it in a shop on level 5 of the Dungeon)

   [ring of protection from fire]

   rF:        It protects you from fire.
   rC:        It protects you from cold.
   rElec:     It insulates you from electricity.
   rPois:     It protects you from poison.
 r - an amulet of regeneration (around neck)
 J - a +4 ring of protection (left hand)
 M - a +6 ring of dexterity (right hand)
 N - a ring of positive energy
 P - a +4 ring of evasion
 U - a ring of willpower
 X - a ring of willpower
Wands
 B - a wand of acid (9)
Scrolls
 b - 8 scrolls of immolation
 d - a scroll of vulnerability
 e - 4 scrolls of torment
 f - a scroll of blinking
 m - 3 scrolls of amnesia
 D - 4 scrolls of poison
 G - 12 scrolls of teleportation
 I - 3 scrolls of fear
 S - 2 scrolls of enchant armour
 Y - a scroll of silence
Potions
 a - 4 potions of heal wounds
 g - 12 potions of curing
 h - a potion of attraction
 i - 3 potions of invisibility
 q - 6 potions of lignification
 s - 3 potions of might
 t - 4 potions of magic
 v - 4 potions of cancellation
 z - 2 potions of mutation
 C - 2 potions of resistance
 E - 3 potions of flight
 F - 3 potions of brilliance
 K - a potion of berserk rage
 Q - 3 potions of haste
 R - 4 potions of ambrosia


   Skills:
 + Level 9.0 Fighting
 - Level 6.2(9.6) Short Blades
 + Level 10.4(11.0) Long Blades
 + Level 17.6 Ranged Weapons
 + Level 7.3 Armour
 - Level 10.0 Dodging
 - Level 2.1 Stealth
 - Level 8.0 Spellcasting
 - Level 6.9 Hexes
 + Level 4.0 Translocations
 + Level 11.2 Invocations


You had 26 spell levels left.
You knew the following spells:

 Your Spells              Type           Power      Damage    Failure   Level
a - Slow                  Hex            100%       N/A       1%          1
b - Portal Projectile     Hex/Tloc       74%        N/A       10%         3

Your spell library contained the following spells:

 Spells                   Type           Power      Damage    Failure   Level
 Confusing Touch          Hex            44%        N/A       5%          3
 Apportation              Tloc           60%        N/A       6%          1
 Ensorcelled Hibernation  Hex/Ice        54%        N/A       12%         2
 Gell's Gravitas          Tloc           30%        N/A       19%         3
 Teleport Other           Tloc           30%        N/A       19%         3
 Foxfire                  Conj/Fire      40%        2x1d6     30%         1
 Freeze                   Ice            40%        1d6       30%         1
 Necrotise                Necr           40%        1d6       30%         1
 Sandblast                Erth           20%        2d7       30%         1
 Sting                    Tmut/Pois      40%        1d5       30%         1
 Passwall                 Tmut/Erth      8%         N/A       43%         2
 Poisonous Vapours        Pois/Air       20%        N/A       43%         2
 Scorch                   Fire           20%        2d6       43%         2
 Anguish                  Hex/Necr       13%        N/A       58%         4
 Leda's Liquefaction      Hex/Erth       13%        N/A       58%         4
 Frozen Ramparts          Ice            20%        1d4       67%         3
 Ozocubu's Armour         Ice            10%        N/A       67%         3
 Spider Form              Tmut/Pois      10%        N/A       67%         3
 Swiftness                Air            10%        N/A       67%         3
 Vampiric Draining        Necr           10%        2d6       67%         3
 Flame Wave               Conj/Fire      10%        2d6       97%         4
 Hailstorm                Conj/Ice       10%        3d5       97%         4
 Olgreb's Toxic Radiance  Pois           10%        N/A       97%         4
 Agony                    Necr           10%        N/A       100%        5
 Borgnjor's Vile Clutch   Necr/Erth      5%         N/A       100%        5
 Dispersal                Tloc           15%        N/A       100%        6
 Statue Form              Tmut/Erth      6%         N/A       100%        6
 Ozocubu's Refrigeration  Ice            5%         4d8       100%        7
 Lehudib's Crystal Spear  Conj/Erth      5%         10d3      100%        8
 Summon Small Mammal      Summ           Unusable   N/A       N/A         1
 Call Canine Familiar     Summ           Unusable   N/A       N/A         3
 Animate Armour           Summ/Erth      Unusable   N/A       N/A         4
 Animate Dead             Necr           Unusable   N/A       N/A         4
 Death Channel            Necr           Unusable   N/A       N/A         6
 Summon Cactus Giant      Summ           Unusable   N/A       N/A         6

Dungeon Overview and Level Annotations

Branches:
Dungeon (15/15)            Temple (0/1) D:5            Lair (4/5) D:9
 Shoals (2/4) Lair:3        Snake (1/4) Lair:3          Orc (0/2) D:11
 Vaults (0/5) D:13         Depths (0/4) D:15         Bailey (visited)
  IceCv (visited)
  Slime: Lair:4-5

Altars:
Cheibriados
Gozag
Hepliaklqana
Makhleb
Okawaru
Sif Muna
Trog
Vehumet
Yredelemnul

Shops:
D:5 =   D:9 *   D:12 *

Annotations:
Lair:1 2 transporters
Lair:2 3 runed translucent doors, t4s4d4r's ghost, journeyman DgEE


Message History

Fire: y) +7 longbow (freeze)
Press: ? - help, Q - select action, (/) - cycle Shift-Dir - straight line, f/p - water nymph
Aim: a water nymph (heavily wounded, 73% to hit)
You magically shoot an arrow.
The arrow barely misses the water nymph.
The water nymph touches you. The water nymph drowns you!
The water nymph's watery aura covers the stone staircase leading up.
Splash!
You fall into the shallow water.
Moving in this stuff is going to be slow.
Your +7 longbow of freezing stops glowing.
You feel clever.
You sense an unholy aura.
L - the +7 falchion "Suclor" (weapon)
{drain, rC+ Int+7} You barely miss the water nymph.
The water nymph is heavily wounded.
The water nymph closely misses you. The water nymph touches you!
The water nymph drowns you!
You can't go up here!
You slash the water nymph! You drain the water nymph.
The water nymph is almost dead.
The water nymph misses you. The water nymph touches you.
The water nymph drowns you!
You slash the water nymph!
You kill the water nymph!
Okawaru accepts your kill. The water nymph touches you.
The water nymph drowns you!
You slash the water nymph!
The water nymph is moderately wounded.
You slash the water nymph! You drain the water nymph.
The water nymph is severely wounded.
The water nymph closely misses you.
Your unstable footing causes you to fumble your attack.
The water nymph gestures at you while chanting.
The water swirls and strikes you!!
* * * LOW HITPOINT WARNING * * *
Your unstable footing causes you to fumble your attack.
The water nymph casts a spell at you. The water swirls and strikes you!!
You die...

$...~ ≈≈≈≈
#...~ ≈≈≈≈
#...~ ~~≈≈≈
#... ~~≈≈≈ #..#
.~~≈≈≈
~.##.~.##~~~~≈≈
~~~≈≈~~~m~~~~≈≈
...~~..@.~~~~~≈
.........~~~~~≈
......?...P~~~~
...[....P~PP~~~
###.P...PPP.P~~
#..P..P.P.~~~
##..P...PP~~~
#.P..##..~~~


You could see a water nymph (drained).

Vanquished Creatures
  Gastronok (Lair:2)
  Roxanne (Shoals:1)
  A frost giant (D:15)
  Snorg (D:13)
  2 merfolk impalers (Shoals:1)
  A rakshasa (D:13)
  An ice dragon (IceCv)
  A catoblepas (D:14)
  5 hydras
  An anaconda (Lair:3)
  The ghost of Yolobob the Fighter, a journeyman KoBr of Wu Jian (Lair:1)
  5 centaur warriors
  2 two-headed ogres
  6 death yaks
  5 tengu warriors
  A deep elf knight (D:13)
  A skeletal warrior (D:13)
  2 sea snakes (Shoals:1)
  Pikel (D:7)
  A deep elf zephyrmancer (D:13)
  4 fauns (Shoals:1)
  8 ugly things
  2 cyclopes
  An oklob plant (Lair:2)
  3 water nymphs
  8 manticores
  6 elephants (Lair:3)
  4 black mambas
  A merfolk siren (Shoals:1)
  Joseph (D:7)
  2 ice statues (IceCv)
  5 cane toads
  6 rime drakes
  4 centaur skeletons (D:13)
  5 gargoyles
  3 yaktaurs (D:13)
  A tengu conjurer (D:15)
  A komodo dragon (Lair:2)
  2 ice devils (Lair:3)
  4 unseen horror zombies (D:9)
  An unseen horror (D:11)
  3 meliai (D:14)
  A polar bear (Lair:3)
  3 trolls
  Grinder (D:5)
  A tarantella (shapeshifter) (D:9)
  2 merfolk (Shoals:1)
  A raiju (shapeshifter) (D:14)
  3 slime creatures (D:14)
  10 blink frogs
  4 snapping turtles (Shoals:1)
  A wraith (D:11)
  A shadow (D:10)
  3 vampires
  Eustachio (D:5)
  29 yaks
  A steam dragon (D:9)
  A water elemental (Shoals:1)
  A wyvern (D:7)
  10 vampire mosquitoes
  Menkaure (D:5)
  A naga (Lair:3)
  An acid dragon (D:10)
  14 water moccasins
  2 ice beasts
  8 orc warriors
  An ogre (D:6)
  20 wolves
  11 centaurs
  3 lemures (D:7)
  2 phantoms
  2 kobold brigands
  A gnoll sergeant (D:9)
  5 scorpions
  A necrophage (D:7)
  10 bullfrogs
  10 wights (D:9)
  4 killer bees
  2 lindwurm simulacra (IceCv)
  2 electric eels (Lair:3)
  A howler monkey (D:12)
  5 centaur zombies (D:9)
  4 komodo dragon simulacra (IceCv)
  2 hounds
  6 orc priests
  A gnoll bouda (D:7)
  Ijyb (D:4)
  7 iguanas
  16 orc wizards
  A killer bee zombie (D:9)
  5 gnolls
  8 acid dragon simulacra (IceCv)
  5 adders
  A shadow imp (D:6)
  An ufetubus (D:4)
  7 steam dragon simulacra (IceCv)
  6 dart slugs
  68 orcs
  9 bats
  4 endoplasms
  3 giant cockroaches
  4 goblins (D:2)
  11 hobgoblins
  3 jackals (D:1)
  17 kobolds
  2 quokkas
  4 ball pythons
  8 rats
500 creatures vanquished.

Vanquished Creatures (others)
  2 bushes (Lair:4)
  6 fungi
  23 plants
31 creatures vanquished.

Grand Total: 531 creatures vanquished

Notes
Turn   | Place    | Note
-------+----------+-------------------------------------------
     0 | D:1      | momodddd the Deep Elf Hunter began the quest for the Orb.
     0 | D:1      | Reached XP level 1. HP: 12/12 MP: 3/3
   108 | D:1      | Reached XP level 2. HP: 17/17 MP: 4/4
   134 | D:1      | Found a faded altar of an unknown god.
   137 | D:1      | Got Plato's Collected Works on the Summer
   140 | D:1      | Prayed at the altar of an unknown god.
   140 | D:1      | Became a worshipper of Warmaster Okawaru
   140 | D:1      | Reached * piety under Okawaru
   153 | D:1      | Learned a level 1 spell: Slow
   842 | D:2      | Reached XP level 3. HP: 21/21 MP: 5/5
  1086 | D:2      | Reached skill level 1 in Spellcasting
  1203 | D:2      | Reached skill level 1 in Hexes
  1358 | D:2      | Reached XP level 4. HP: 26/26 MP: 8/8
  1444 | D:3      | Noticed a scorpion
  1452 | D:3      | Identified the +5 ring mail of the Ward {-Cast Harm Fly
                  | rC-}
  1458 | D:3      | Found an opulent altar of Gozag.
  1742 | D:3      | Reached skill level 6 in Ranged Weapons
  2608 | D:3      | Reached XP level 5. HP: 30/30 MP: 10/10
  2857 | D:3      | Reached skill level 1 in Armour
  2891 | D:4      | Noticed Ijyb
  2959 | D:4      | Reached skill level 1 in Invocations
  2959 | D:4      | Reached XP level 6. HP: 32/36 MP: 8/11
  2976 | D:4      | Reached ** piety under Okawaru
  3055 | D:4      | Killed Ijyb
  3056 | D:4      | Reached skill level 7 in Ranged Weapons
  3269 | D:4      | Found a burning altar of Makhleb.
  3513 | D:5      | Entered Level 5 of the Dungeon
  4106 | D:5      | Found Jess's Jewellery Shop.
  4161 | D:5      | Reached XP level 7. HP: 41/41 MP: 12/14
  4291 | D:5      | Reached skill level 8 in Ranged Weapons
  4316 | D:5      | Found a staircase to the Ecumenical Temple.
  4926 | D:5      | Found a snail-covered altar of Cheibriados.
  5027 | D:5      | Found a hazy altar of Hepliaklqana.
  5028 | D:5      | Noticed Grinder
  5108 | D:5      | Found a bloodstained altar of Trog.
  5112 | D:5      | Found an iron altar of Okawaru.
  5192 | D:5      | Noticed Eustachio
  5210 | D:5      | Killed Eustachio
  5211 | D:5      | Reached skill level 1 in Short Blades
  5656 | D:6      | Reached XP level 8. HP: 20/47 MP: 16/16
  6081 | D:6      | Found a radiant altar of Vehumet.
  6354 | D:6      | Reached *** piety under Okawaru
  6355 | D:6      | Reached skill level 9 in Ranged Weapons
  6843 | D:6      | Found a shimmering blue altar of Sif Muna.
  7442 | D:5      | Killed Grinder
  7552 | D:7      | Found a flagged portal.
  7558 | D:7      | Noticed Joseph
  7729 | D:7      | Killed Joseph
  7730 | D:7      | Reached skill level 5 in Dodging
  7730 | D:7      | Reached XP level 9. HP: 17/52 MP: 10/17
  7774 | Bailey   | Entered a bailey
  8514 | Bailey   | Noticed an orc knight
  8672 | D:7      | Reached **** piety under Okawaru
  8673 | D:7      | Reached skill level 10 in Ranged Weapons
  8851 | D:7      | Noticed Pikel
  9059 | D:7      | Reached skill level 5 in Fighting
  9532 | D:7      | Killed Pikel
  9533 | D:7      | Reached skill level 5 in Spellcasting
  9533 | D:7      | Reached skill level 5 in Hexes
  9797 | D:8      | Noticed a two-headed ogre
 10340 | D:8      | Identified the +0 ring mail "Yvoykiun" {+Inv}
 10777 | D:8      | Reached XP level 10. HP: 45/59 MP: 13/20
 11591 | D:8      | Killed a two-headed ogre
 11592 | D:8      | Reached skill level 5 in Short Blades
 11592 | D:8      | Reached skill level 11 in Ranged Weapons
 11762 | D:9      | Found Ympethas's General Store.
 12013 | D:9      | Bought a +4 scale mail of poison resistance for 392 gold
                  | pieces
 12185 | D:9      | Noticed a cyclops
 12300 | D:9      | Found a staircase to the Lair.
 12458 | D:9      | Reached ***** piety under Okawaru
 12701 | D:9      | Killed a cyclops
 12701 | D:9      | Identified the +1 pair of gloves of Lecir {rElec rC- Int+4}
                  | (Okawaru gifted it to you on level 9 of the Dungeon)
 12701 | D:9      | Received a gift from Okawaru
 12702 | D:9      | Reached skill level 5 in Invocations
 13018 | D:9      | Reached XP level 11. HP: 65/65 MP: 22/22
 13059 | D:9      | Found a basalt altar of Yredelemnul.
 13186 | Lair:1   | Entered Level 1 of the Lair of Beasts
 13186 | Lair:1   | Noticed an eight-headed hydra
 13216 | D:10     | Entered Level 10 of the Dungeon
 13468 | D:10     | Reached skill level 12 in Ranged Weapons
 13507 | D:10     | Reached skill level 5 in Armour
 13854 | D:10     | Identified the +9 dagger of Fimbulwinter {flame, Drain
                  | Int+7}
 13931 | D:10     | Reached skill level 1 in Long Blades
 14019 | D:10     | Identified the +8 quarterstaff of Fatigue {holy, rF- Int+7
                  | Dex+2}
 14169 | D:11     | Found a staircase to the Orcish Mines.
 14269 | D:11     | Identified the +4 ring mail of Generosity {rElec rF- Int+3
                  | Dex+4}
 14645 | D:11     | Noticed a white ugly thing
 14695 | D:11     | Killed a white ugly thing
 15211 | D:11     | Received a gift from Okawaru
 15558 | D:5      | Noticed Menkaure
 15567 | D:5      | Killed Menkaure
 15582 | D:5      | Bought the ring "Ufocugeo" {rElec rPois rF+ rC+} for 552
                  | gold pieces
 15586 | D:5      | Reached skill level 5 in Long Blades
 15586 | D:5      | Reached skill level 15 in Ranged Weapons
 15586 | D:5      | Reached XP level 12. HP: 65/65 MP: 23/23
 15587 | D:5      | Reached XP level 13. HP: 71/71 MP: 24/24
 16302 | Lair:1   | Noticed Yolobob's ghost (journeyman KoBr)
 16306 | Lair:1   | Found a runed translucent gate.
 16306 | Lair:1   | Found a runed translucent gate.
 16308 | Lair:1   | Found a runed translucent gate.
 16937 | D:12     | Received a gift from Okawaru
 17639 | D:12     | Found Diggop's General Store.
 17919 | D:12     | Reached XP level 14. HP: 81/84 MP: 25/25
 18813 | D:13     | Noticed Snorg
 19145 | D:13     | Killed Snorg
 19146 | D:13     | Reached skill level 16 in Ranged Weapons
 19454 | D:13     | You fall into a shaft and drop 2 floors!
 19454 | D:15     | Entered Level 15 of the Dungeon
 19826 | D:13     | Found a gate to the Vaults.
 20009 | D:14     | Identified the +0 helmet of the Bespelled Ant {rPois}
                  | (Okawaru gifted it to you on level 14 of the Dungeon)
 20009 | D:14     | Received a gift from Okawaru
 20010 | D:14     | Reached skill level 10 in Dodging
 20010 | D:14     | Reached skill level 10 in Invocations
 21005 | D:14     | Identified the +1 chain mail "Corachet" {Slay+2}
 21492 | D:15     | HP: 4/84 [tengu warrior/bolt (16)]
 21573 | D:15     | Found a staircase to the Depths.
 21573 | D:15     | Noticed a frost giant
 21607 | D:15     | Killed a frost giant
 21894 | D:15     | HP: 2/84 [centaur/arrow[a centaur warrior] (4)]
 22414 | Lair:1   | Found a transporter.
 22445 | Lair:1   | Found a transporter.
 22581 | Lair:1   | Killed Yolobob's ghost
 22670 | Lair:1   | Identified the +7 falchion "Suclor" {drain, rC+ Int+7}
 22825 | Lair:2   | Noticed Gastronok
 22849 | Lair:2   | Killed Gastronok
 22983 | Lair:2   | Reached skill level 17 in Ranged Weapons
 23021 | Lair:2   | Found a runed translucent gate.
 23022 | Lair:2   | Found a runed translucent gate.
 23023 | Lair:2   | Found a runed translucent gate.
 23023 | Lair:2   | Noticed t4s4d4r's ghost (journeyman DgEE)
 23732 | Lair:3   | Learned a level 3 spell: Portal Projectile
 23772 | Lair:3   | Reached XP level 15. HP: 82/89 MP: 27/27
 23886 | Lair:3   | Found a staircase to the Snake Pit.
 23951 | Lair:3   | Reached skill level 1 in Translocations
 24012 | Lair:3   | Identified the +1 chain mail "Vuetty" {rN+}
 24069 | Lair:3   | Found a frozen archway.
 24082 | IceCv    | Entered an ice cave
 24525 | IceCv    | Reached skill level 10 in Long Blades
 24655 | IceCv    | Identified the ring of Qoixewu {Wiz Fly Dex+2 Slay-6}
 24909 | Lair:3   | Received a gift from Okawaru
 25013 | Lair:3   | Found a staircase to the Shoals.
 26035 | Snake:1  | Entered Level 1 of the Snake Pit
 26119 | Shoals:1 | Entered Level 1 of the Shoals
 26154 | Shoals:1 | Identified Roxanne's Secrets of the Lithosphere
 26154 | Shoals:1 | Noticed Roxanne
 26630 | Shoals:1 | Received a gift from Okawaru
 26840 | Shoals:1 | Killed Roxanne
 26955 | Shoals:2 | Killed from afar by a water nymph

Illustrated notes

Levels and vault maps discovered:
D:1:      enne_arrival_octagon_isle, layout_loops_ring,
          shapermc_ecumenical_altar_rom_forum
D:2:      layout_basic
D:3:      minmay_door_path, layout_rooms, grunt_gozag_breadcrumbs,
          glass_columns_a
D:4:      layout_cave_pools, kennysheep_little_box, uniq_ijyb
D:5:      nicolae_cairo_tiling, layout_loops_ring, kennysheep_slug_shrine,
          lemuel_tele_altar, grunt_temple_overflow_bloody_war,
          minmay_temple_entry_mist, serial_shops, nicolae_square_shop,
          uniq_menkaure, uniq_eustachio, uniq_grinder
D:6:      layout_basic, nicolae_sif_muna_condensation, overflow_temple_1_default
D:7:      layout_loops_ring, enter_bailey_6, kennysheep_generic_room_5,
          uniq_joseph, uniq_pikel
D:8:      layout_cave_pods
D:9:      layout_stronghold, nicolae_yredelemnul_corpse_copse, lair_entry_dummy,
          serial_shops, shop_coins, minmay_bent
D:10:     layout_basic
D:11:     layout_loops_corners, orc_0_dummy
D:12:     layout_grid_maze, serial_shops, shop,
          minmay_fractal_squares_diagonal_5
D:13:     layout_irregular_city, hangedman_vaults_entry_quadrant_bands,
          minivault_26, uniq_snorg
D:14:     layout_small_grid, roderic_serpentine_path
D:15:     grunt_enter_depths_snipers, layout_gridville, minivault_23,
          hangedman_decor_points
Lair:1:   gammafunk_cloud_chamber, layout_hall_layers, gammafunk_ghost_split
Lair:2:   layout_cave_pods, gammafunk_ghost_hydra_chop, lemuel_fruit_fields,
          uniq_gastronok
Lair:3:   layout_gridlike, minmay_shoals_entry_centaurs,
          guppyfry_snake_entry_island, portal_ice_cave_demonic_guard,
          nicolae_quartered_pool_medium, grunt_megastairs_3
Lair:4:   layout_misc_corridors, infiniplex_staircase_pool_2
Shoals:1: layout_shoals, uniq_roxanne
Shoals:2: layout_shoals, st_shoals_ruin
Snake:1:  layout_misc_corridors, lemuel_fruit_tree

Skill      XL: |  1  2  3  4  5  6  7  8  9 10 11 12 13 14 15 |
---------------+----------------------------------------------+-----
Stealth        | 2 |  2.1
Spellcasting   | 1 2 3 4 5 6 7 8 |  8.0
Fighting       | 2 3 4 5 6 7 8 9 |  9.0
Hexes          | 1 2 3 4 5 6 |  6.9
Ranged Weapons | 6 7 8 9 10 11 15 17 | 17.6
Armour         | 1 3 4 5 6 7 |  7.3
Invocations    | 1 2 3 5 6 7 8 10 11 | 11.2
Short Blades   | 1 3 4 6 |  6.2
Dodging        | 3 5 6 7 8 10 | 10.0
Long Blades    | 5 6 7 9 10 | 10.4
Translocations | 4 |  4.0

Action                   |  1- 3 |  4- 6 |  7- 9 | 10-12 | 13-15 || total
-------------------------+-------+-------+-------+-------+-------++-------
Melee: Long sword        |       |     5 |       |   210 |   432 ||   647
       Short sword       |       |    24 |   160 |   167 |       ||   351
       Punch             |       |       |     7 |    13 |    16 ||    36
       Trident           |       |       |    13 |       |       ||    13
       Quick blade       |       |       |       |    31 |       ||    31
       Dagger            |       |       |       |    19 |    15 ||    34
       Falchion          |       |       |       |       |   209 ||   209
 Fire: Shortbow          |    87 |   149 |   330 |   201 |   179 ||   946
       Longbow           |       |       |       |       |   612 ||   612
       Triple crossbow   |       |       |       |       |    12 ||    12
 Cast: Slow              |     2 |    19 |    43 |    81 |    51 ||   196
       Portal Projectile |       |       |       |       |     2 ||     2
Invok: Heroism           |       |     1 |     2 |     3 |    10 ||    16
       Finesse           |       |       |       |       |     9 ||     9
Evoke: Wand              |       |       |    11 |       |       ||    11
  Use: Potion            |       |       |     3 |     2 |     2 ||     7
       Scroll            |       |       |    19 |     5 |    24 ||    48
Armor: Leather armour    |    11 |    36 |    20 |       |       ||    67
       Ring mail         |       |       |   104 |    16 |       ||   120
       Scale mail        |       |       |       |   297 |  1005 ||  1302
Dodge: Dodged            |    13 |    74 |   220 |   250 |  1016 ||  1573
